 Dungeon Crawl Stone Soup version 0.26-a0-652-gafc20e3620 (webtiles) character file.

Game seed: 9487519597033292572

2252 heikuro the Slasher (level 9, 0/69 HPs)
             Began as a Formicid Abyssal Knight on Oct 3, 2020.
             Was an Elder of Lugonu.
             Killed from afar by an orc wizard (5 damage)
             ... with a magic dart
             ... on level 6 of the Dungeon.
             The game lasted 00:14:33 (5872 turns).

heikuro the Slasher (Formicid Abyssal Knight)       Turns: 5872, Time: 00:14:33

Health: 0/69       AC: 12    Str: 21    XL:     9   Next: 64%
Magic:  13/13      EV:  7    Int: 11    God:    Lugonu [****..]
Gold:   386        SH: 10    Dex: 10    Spells: 8/8 levels left

rFire    + . .     SeeInvis +   a - +2 falchion
rCold    x . .     Faith    .   h - +0 kite shield
rNeg     . . .     Spirit   .   b - +0 chain mail
rPois    .         Reflect  .   (helmet unavailable)
rElec    .         Harm     .   (no cloak)
rCorr    .         Rampage  .   y - +0 pair of gloves
MR       .....                  n - +0 pair of boots
Stlth    ..........             p - amulet of regeneration
HPRegen  0.61/turn              s - ring of fire
MPRegen  0.13/turn              (no ring)

@: lethally poisoned (0 -> -1)
A: permanent stasis, dig shafts and tunnels, four strong arms, antennae 3
a: Dig, Shaft Self, Depart the Abyss, Bend Space, Banish, Corrupt, Renounce
Religion


You were on level 6 of the Dungeon.
You worshipped Lugonu.
Lugonu was greatly pleased with you.
You visited 2 branches of the dungeon, and saw 7 of its levels.
You visited the Abyss 1 time.
You also visited: Ossuary.

You collected 386 gold pieces.

Inventory:

Hand Weapons
 a - a +2 falchion (weapon)
Missiles
 q - 13 poisoned darts (quivered)
 r - 82 sling bullets
Armour
 b - a +0 chain mail (worn)
 h - a +0 kite shield (worn)
 n - a +0 pair of boots (worn)
 y - a +0 pair of gloves (worn)
Jewellery
 p - an amulet of regeneration (around neck)
 s - a ring of fire (left hand)
Scrolls
 c - a scroll of blinking {unknown}
 d - a scroll of amnesia {unknown}
 g - a scroll of immolation
 i - 2 scrolls of enchant weapon
 k - 2 scrolls of remove curse
 l - 3 scrolls of fog
 u - a scroll of silence {unknown}
 v - 2 scrolls of random uselessness {unknown}
 w - 2 scrolls of noise {unknown}
 x - a scroll of enchant armour {unknown}
 D - a scroll of fear {unknown}
Potions
 e - a potion of lignification
 f - 3 potions of curing
 j - 2 potions of berserk rage {unknown}
 m - a potion of invisibility {unknown}
 o - a potion of flight {unknown}
 t - a potion of haste {unknown}
 z - a potion of cancellation {unknown}
 A - a potion of degeneration {unknown}
 B - 2 potions of brilliance {unknown}
 C - 2 potions of might {unknown}
 E - a potion of stabbing {unknown}
 F - a potion of magic {unknown}
 G - a potion of mutation {unknown}


   Skills:
 + Level 6.3 Fighting
 * Level 7.4 Long Blades
 + Level 5.8 Armour
 - Level 1.0 Dodging
 + Level 5.8 Shields
 + Level 6.1 Invocations


You had 8 spell levels left.
You didn't know any spells.
Your spell library contained the following spells:

 Spells                   Type           Power        Failure   Level
 Animate Skeleton         Necr           #.....       99%         1
 Apportation              Tloc           #.....       99%         1
 Corona                   Hex            #......      99%         1
 Summon Small Mammal      Summ           #...         99%         1


Dungeon Overview and Level Annotations

Branches:
Dungeon (6/15)             Temple (1/1) D:5         Ossuary (visited)

Altars:
Ashenzari
Cheibriados
Dithmenos
Elyvilon
Fedhas
Gozag
Hepliaklqana
Kikubaaqudgha
Makhleb
Nemelex Xobeh
Okawaru
Qazlal
Ru
Sif Muna
Trog
Uskayaw
Vehumet
Wu Jian
Xom
Yredelemnul
Zin
The Shining One

Portals:
Sewer: D:6


Innate Abilities, Weirdness & Mutations

You cannot be hasted, slowed, berserked, paralysed or teleported.
You can dig through walls and to a lower floor.
Your four strong arms can wield two-handed weapons with a shield.
You have a pair of large antennae on your head. (SInv)


Message History

You feel sick.
The orc wizard casts a spell.
The orc wizard blinks!
You block the orc's attack. The adder bites you but does no damage.
There is an open door, spattered with blood here.
Things that are here:
a +1 hand axe of venom; a +0 robe; an adder corpse You enter the shallow water.
Moving in this stuff is going to be slow.
You feel sick. The adder bites you.
* * * LOW HITPOINT WARNING * * *
You are more poisoned.
The adder poisons you! You block the orc's attack.
You feel sick. The orc wizard barely misses you.
The orc wizard splashes around in the water.
You block the adder's attack.
The orc wizard splashes around in the water.
The orc wizard casts a spell at you. The magic dart hits you.
You die...

*,,* *,,,,....... #.#*
*,***#####.# ####.#####
*,* #.# #.,......#
*,***** #,#
#.##.#.#.###....,* *,#
#..........#.....***#,#
#..#######.........##.#
*#.#≈≈≈≈≈#............F
#.o≈o@≈≈#.......#.##.#
#o#≈S≈≈≈#......,,,...$
#o#######..##,***#####
#.F........#*,*
########.#.#*,******
#...#*,,,,,,***
#...#*,,,,,,,,,
#.###****,***,* #.#
*,** **,


You could see a bullfrog, an orc wizard (fast), an adder and 3 orcs.

Vanquished Creatures
  A two-headed ogre (D:5)
  Menkaure (D:5)
  An orc warrior (D:6)
  An ogre (D:4)
  2 elf zombies (Ossuary)
  2 elf skeletons (D:4)
  A scorpion (D:4)
  A howler monkey (D:5)
  4 centaur zombies
  3 human zombies
  2 orc priests (D:5)
  4 hounds
  A gnoll shaman (D:4)
  4 orc wizards
  A human skeleton (D:4)
  An iguana (D:6)
  2 worker ants
  2 big kobold zombies (Ossuary)
  2 hound zombies (Ossuary)
  3 mummies (Ossuary)
  5 gnolls (D:4)
  12 adders
  An ufetubus (D:5)
  An ooze (D:2)
  3 adder zombies (Ossuary)
  3 worms
  A leopard gecko (D:6)
  13 orcs
  2 ball pythons
  3 bats
  2 giant cockroaches
  5 goblins
  4 hobgoblins
  11 jackals
  10 kobolds
  A quokka (D:3)
  4 frilled lizards
  5 goblin zombies (Ossuary)
  A hobgoblin zombie (Ossuary)
  5 jackal zombies (Ossuary)
  2 kobold zombies (Ossuary)
  A leopard gecko skeleton (D:4)
  An orc skeleton (D:4)
  5 quokka zombies (Ossuary)
  5 rats
  3 rat zombies (Ossuary)
148 creatures vanquished.

Notes
Turn   | Place    | Note
-------+----------+-------------------------------------------
     0 | Abyss:1  | heikuro the Formicid Abyssal Knight began the quest for the
                  | Orb.
     0 | Abyss:1  | Reached XP level 1. HP: 18/18 MP: 2/2
    25 | Abyss:1  | Noticed a raiju
    85 | Abyss:1  | Noticed a spatial vortex
    89 | Abyss:1  | Noticed a spatial maelstrom
    90 | D:1      | Escaped the Abyss
   260 | D:1      | Reached skill level 1 in Dodging
   406 | D:1      | Reached XP level 2. HP: 20/24 MP: 3/3
   464 | D:1      | Reached * piety under Lugonu
   902 | D:1      | Reached XP level 3. HP: 11/29 MP: 4/4
  1331 | D:2      | Reached skill level 1 in Shields
  1435 | D:2      | Reached XP level 4. HP: 33/37 MP: 4/6
  1475 | D:2      | Reached skill level 3 in Long Blades
  1847 | D:2      | Found a burning altar of Makhleb.
  1855 | D:2      | Reached XP level 5. HP: 42/42 MP: 7/7
  2364 | D:3      | Reached ** piety under Lugonu
  2771 | D:4      | Reached XP level 6. HP: 37/48 MP: 8/8
  2779 | D:4      | Found a sand-covered staircase.
  2795 | D:4      | Reached skill level 4 in Long Blades
  2855 | Ossuary  | Entered an ossuary
  2924 | Ossuary  | Reached XP level 7. HP: 50/55 MP: 9/9
  3190 | Ossuary  | Reached *** piety under Lugonu
  3190 | Ossuary  | Reached skill level 5 in Long Blades
  3319 | Ossuary  | Reached XP level 8. HP: 52/61 MP: 11/11
  3475 | D:4      | Reached skill level 5 in Fighting
  3987 | D:4      | Found a shimmering blue altar of Sif Muna.
  4013 | D:4      | Reached skill level 6 in Long Blades
  4013 | D:4      | Reached skill level 5 in Invocations
  4503 | D:5      | Entered Level 5 of the Dungeon
  4694 | D:5      | Noticed a two-headed ogre
  4863 | D:5      | Killed a two-headed ogre
  4863 | D:5      | Reached **** piety under Lugonu
  4863 | D:5      | Reached skill level 7 in Long Blades
  4863 | D:5      | Reached skill level 5 in Armour
  4863 | D:5      | Reached skill level 5 in Shields
  4863 | D:5      | Reached XP level 9. HP: 41/69 MP: 8/13
  4929 | D:5      | Noticed Menkaure
  4946 | D:5      | HP: 2/69 [howler monkey (4)]
  4948 | D:5      | Killed Menkaure
  5309 | D:5      | Found a staircase to the Ecumenical Temple.
  5323 | Temple   | Entered the Ecumenical Temple
  5825 | D:6      | Found a glowing drain.
  5872 | D:6      | Killed from afar by an orc wizard

Illustrated notes

Levels and vault maps discovered:
D:1:      nicolae_arrival_memento_mori, layout_rooms
D:2:      layout_loops_ring, makhleb_blood_cavern_becter
D:3:      layout_basic
D:4:      layout_gridville, marbit_many_paths, nicolae_ossuary_entry_catacombs,
          due_unseen_surprise
D:5:      layout_cave_pools, minmay_temple_entry_enclosed_plants, uniq_menkaure
D:6:      layout_loops_ring, gammafunk_ghost_arena, gup_sewer_entry_glass
Temple:   nicolae_temple_the_god_donut

Skill      XL: |  1  2  3  4  5  6  7  8  9 |
---------------+----------------------------+-----
Dodging        | 1 |  1.0
Shields        | 1 2 3 5 |  5.8
Long Blades    | 3 4 5 7 |  7.4
Invocations    | 3 4 5 6 |  6.1
Armour         | 3 4 5 |  5.8
Fighting       | 4 6 |  6.3

Action                   |  1- 3 |  4- 6 |  7- 9 || total
-------------------------+-------+-------+-------++-------
Melee: Falchion          |    87 |   193 |   456 ||   736
Throw: Dart              |       |       |    32 ||    32
Invok: Depart the Abyss  |     1 |       |       ||     1
       Bend Space        |       |       |     7 ||     7
 Abil: Dig               |     3 |     2 |     3 ||     8
  Use: Scroll            |     4 |     6 |     1 ||    11
       Potion            |       |       |     7 ||     7
 Stab: Sleeping          |     1 |       |       ||     1
Armor: Leather armour    |    17 |       |       ||    17
       Ring mail         |    15 |     2 |       ||    17
       Chain mail        |       |   102 |   219 ||   321
Dodge: Dodged            |    35 |    38 |    99 ||   172
Block: Kite shield       |    38 |    74 |   236 ||   348
       Rpst.: Falchion   |     9 |    16 |    30 ||    55

Table legend: (Time is in decaauts)
 A = Elapsed time spent in this place.
 B = Non-inter-level travel time spent in this place.
 C = Inter-level travel time spent in this place.
 D = Time resting spent in this place.
 E = Time spent auto-exploring this place.
 F = Levels seen in this place.
 G = Mean time per level.
                   A        B        C        D        E       F      G
               +--------+--------+--------+--------+--------+-----+--------+
         Total |   5972 |   5742 |    230 |   1012 |   2365 |   9 |  663.6 |
       Dungeon |   5128 |   4922 |    206 |    975 |   2120 |   6 |  854.7 |
        Temple |    236 |    212 |     24 |      0 |    212 |   1 |  236.0 |
         Abyss |     90 |     90 |      0 |      0 |     33 |   1 |   90.0 |
       Ossuary |    517 |    517 |      0 |     37 |      0 |   1 |  517.0 |
               +--------+--------+--------+--------+--------+-----+--------+

Top non-repeatable levels by time:
     D:4: 1428 daAuts
     D:1: 1053 daAuts
     D:5: 886 daAuts
     D:2: 799 daAuts
     D:3: 783 daAuts
 Ossuary: 517 daAuts
  Temple: 236 daAuts
     D:6: 177 daAuts
 Abyss:1: 90 daAuts
